 Dungeon Crawl Stone Soup version 0.28-a0-627-g4e9751bbfc (webtiles) character file.

Game seed: 14625956213998695121

32 fvbrj the Sneak (level 3, -3/16 HPs)
             Began as a Spriggan Enchanter on Oct 8, 2021.
             Slain by a gnoll (7 damage)
             ... on level 2 of the Dungeon.
             The game lasted 00:02:08 (1453 turns).

fvbrj the Sneak (Spriggan Enchanter)                Turns: 1453, Time: 00:02:08

Health: -3/16      AC:  3    Str:  5    XL:     3   Next: 10%
Magic:  7/9        EV: 17    Int: 16    God:
Gold:   117        SH:  0    Dex: 15    Spells: 1/9 levels left

rFire   . . .      SeeInvis +   f - +2 dagger (vamp)
rCold   . . .      Faith    .   (shield restricted)
rNeg    . . .      Spirit   .   b - +1 robe
rPois   .          Reflect  .   (helmet restricted)
rElec   .          Harm     .   (no cloak)
rCorr   .          Rampage  .   (gloves unavailable)
Will    .....                   (boots unavailable)
Stlth   +++.......              (no amulet)
HPRegen 0.05/turn               (no ring)
MPRegen 0.11/turn               (no ring)

@: very quick
A: very small, no large weapons, unfitting armour, see invisible, speed 3
a: no special abilities


You were on level 2 of the Dungeon.
You visited 1 branch of the dungeon, and saw 2 of its levels.

You collected 117 gold pieces.

Inventory:

Hand Weapons
 a - a +1 dagger
 f - a +2 vampiric dagger (weapon)
Armour
 b - a +1 robe (worn)
Potions
 c - 2 potions of invisibility
 g - a potion of lignification {unknown}
 h - 2 potions of brilliance {unknown}


   Skills:
 - Level 1.1 Short Blades
 - Level 2.6 Dodging
 - Level 4.4 Stealth
 + Level 3.7 Spellcasting
 + Level 4.4 Hexes


You had one spell level left.
You knew the following spells:

 Your Spells              Type           Power      Damage    Failure   Level
a - Ensorcelled Hibernat  Hex/Ice        20%        N/A       11%         2
b - Tukima's Dance        Hex            17%        N/A       9%          3
c - Dazzling Flash        Conj/Hex       20%        N/A       21%         3

Your spell library contained the following spells:

 Spells                   Type           Power      Damage    Failure   Level
 Confusing Touch          Hex            17%        N/A       9%          3


Dungeon Overview and Level Annotations

Branches:
Dungeon (2/15)

Altars:
Qazlal


Innate Abilities, Weirdness & Mutations

You are very small and have problems with some larger weapons.
You are too small for most types of armour.
You have supernaturally acute eyesight. (SInv)
You cover ground extremely quickly. (Speed+++)


Message History

You hit the ball python.
The ball python is severely wounded.
The ball python misses you. The ball python closely misses you.
You closely miss the ball python.
The ball python is severely wounded.
The ball python bites you but does no damage.
The ball python completely misses you. The ball python misses you. x2
You hit the ball python.
You kill the ball python!
No target in view!
Found an escape hatch in the floor.
A gnoll comes into view. It is wielding a +0 club.
A gnoll comes into view. It is wielding a +0 spear.
A gnoll comes into view. It is wielding a +0 halberd.
The gnoll shouts! x3; You hear a shout! x2
You hit the gnoll but do no damage. The gnoll hits you with a +0 club.
Casting: Ensorcelled Hibernation (safe; 11% risk of failure)
Confirm with . or Enter, or press ? or * to list all spells.
Aiming: Ensorcelled Hibernation (safe; 11% risk of failure)
Press: ? - help, Shift-Dir - straight line, f - gnoll
Aim: a gnoll, wielding a +0 club (chance to affect: 50%)
The gnoll resists with some effort.
The gnoll hits you with a +0 club!
A hobgoblin comes into view.
Unknown command.
You start resting.
A gnoll is nearby!
A gnoll is nearby!
Casting: Ensorcelled Hibernation (safe; 11% risk of failure)
Confirm with . or Enter, or press ? or * to list all spells.
Aiming: Ensorcelled Hibernation (safe; 11% risk of failure)
Press: ? - help, Shift-Dir - straight line, f/p - gnoll
Aim: a gnoll, wielding a +0 club (chance to affect: 50%)
The gnoll looks drowsy...
You are too injured to fight recklessly!
You are too injured to fight recklessly!
The gnoll closely misses you.
You hit the gnoll but do no damage. The gnoll hits you with a +0 club.
* * * LOW HITPOINT WARNING * * *
The gnoll hits you from afar with a +0 spear!
You die...

.###.#.#.#.# ##.#######
#.......# #...#
#.###.†##.### #...#
#...(.†..# #...# #
#####.#### #...# ..
##........#####...####.#
#.....(.#..............##
.......#..................
##.......#<...@g........##
##...#.##.#####gg.####...
##.... #.# #...# ## ##...
..# #...# ###. ### #...#
#. #.g.# ##g## #.#
###.######


You could see 3 gnolls.

Vanquished Creatures
  A dart slug (D:2)
  4 ball pythons
  5 endoplasms
  3 giant cockroaches
  2 goblins (D:1)
  3 hobgoblins
  A quokka (D:1)
  2 bats
  2 frilled lizards
  2 kobolds
  4 rats
29 creatures vanquished.

Notes
Turn   | Place    | Note
-------+----------+-------------------------------------------
     0 | D:1      | fvbrj the Spriggan Enchanter began the quest for the Orb.
     0 | D:1      | Reached XP level 1. HP: 9/9 MP: 5/5
   397 | D:1      | Reached XP level 2. HP: 13/13 MP: 7/7
   400 | D:1      | Learned a level 2 spell: Ensorcelled Hibernation
  1092 | D:2      | Reached XP level 3. HP: 16/16 MP: 9/9
  1096 | D:2      | Learned a level 3 spell: Tukima's Dance
  1100 | D:2      | Learned a level 3 spell: Dazzling Flash
  1379 | D:2      | Found a stormy altar of Qazlal.
  1453 | D:2      | Slain by a gnoll

Illustrated notes

Levels and vault maps discovered:
D:1:      minmay_arrival_semitransparent, layout_loops_corners
D:2:      layout_loops_cross, basic_altar, minmay_misc_feat_plants

Skill      XL: |  1 |
---------------+----+-----
Spellcasting   | 3 |  3.7
Hexes          | 4 |  4.4
Short Blades   | |  1.1
Dodging        | |  2.6
Stealth        | |  4.4

Action                   || total
-------------------------++-------
Melee: Dagger            ||    75
 Cast: Ensorcelled Hiber ||     7
  Use: Scroll            ||     3
 Stab: Sleeping          ||    15
Armor: Robe              ||     3
Dodge: Dodged            ||    53

Table legend: (Time is in decaauts)
 A = Elapsed time spent in this place.
 B = Non-inter-level travel time spent in this place.
 C = Inter-level travel time spent in this place.
 D = Time resting spent in this place.
 E = Time spent auto-exploring this place.
 F = Levels seen in this place.
 G = Mean time per level.
                   A        B        C        D        E       F      G
               +--------+--------+--------+--------+--------+-----+--------+
         Total |   1083 |   1057 |     26 |     12 |    844 |   2 |  541.5 |
       Dungeon |   1083 |   1057 |     26 |     12 |    844 |   2 |  541.5 |
               +--------+--------+--------+--------+--------+-----+--------+

Top non-repeatable levels by time:
     D:1: 724 daAuts
     D:2: 359 daAuts
